 Dungeon Crawl Stone Soup version 0.27.0-1-g7a089689b8 (webtiles) character file.

Game seed: 1175069188679018129

119 garrulousMonolith the Conjurer (level 5, -2/33 HPs)
             Began as an Octopode Conjurer on Aug 14, 2021.
             Slain by an orc (6 damage)
             ... on level 2 of the Dungeon.
             The game lasted 00:04:47 (3526 turns).

garrulousMonolith the Conjurer (Octopode Conjurer)  Turns: 3526, Time: 00:04:47

Health: -2/33      AC:  1    Str:  6    XL:     5   Next: 3%
Magic:  2/8        EV: 13    Int: 22    God:
Gold:   58         SH:  0    Dex: 10    Spells: 3/9 levels left

rFire    . . .     SeeInvis .   b - +0 dagger
rCold    . . .     Faith    .   (no shield)
rNeg     . . .     Spirit   .   (helmet restricted)
rPois    .         Reflect  .   (no amulet)
rElec    .         Harm     .   (no ring)
rCorr    .         Rampage  .   (no ring)
Will     .....                  (no ring)
Stlth    +++.......             (no ring)
HPRegen  0.11/turn              (no ring)
MPRegen  0.11/turn              (no ring)
                                (no ring)
                                (no ring)

@: no status effects
A: almost no armour, amphibious, 8 rings, camouflage 1, gelatinous body 1,
(nimble swimmer 1), tentacles
a: no special abilities


You were on level 2 of the Dungeon.
You visited 1 branch of the dungeon, and saw 3 of its levels.

You collected 58 gold pieces.

Inventory:

Hand Weapons
 b - a +0 dagger (weapon)
 d - a +0 hunting sling of freezing
Missiles
 i - 160 stones
 j - 23 poisoned darts
Magical Staves
 k - a staff of earth
Jewellery
 o - an amulet of regeneration
Scrolls
 c - a scroll of brand weapon {unknown}
 e - a scroll of fog {unknown}
 f - a scroll of vulnerability {unknown}
 m - a scroll of teleportation {unknown}
 n - a scroll of identify {unknown}
Potions
 h - a potion of might {unknown}
 l - a potion of brilliance {unknown}


   Skills:
 + Level 1.4 Fighting
 + Level 2.7 Dodging
 + Level 3.8 Stealth
 + Level 2.5 Spellcasting
 * Level 4.8 Conjurations


You had 3 spell levels left.
You knew the following spells:

 Your Spells              Type           Power      Damage    Failure   Level
a - Magic Dart            Conj           96%        1d7       1%          1
b - Searing Ray           Conj           48%        3d5       2%          2
c - Dazzling Flash        Conj/Hex       26%        N/A       14%         3

Your spell library contained the following spells:

 Spells                   Type           Power      Damage    Failure   Level
 Fulminant Prism          Conj/Hex       6%         3d7       43%         4
 Iskenderun's Mystic Bla  Conj/Tloc      13%        2d5       43%         4


Dungeon Overview and Level Annotations

Branches:
Dungeon (3/15)

Altars:


Innate Abilities, Weirdness & Mutations

You cannot wear most types of armour.
You are amphibious.
You can wear up to eight rings at the same time.
Your skin changes colour to match your surroundings (Stealth+).
Your rubbery body absorbs attacks. (AC +1, EV +1)
((You are camouflaged near water. (Stealth+)))
You have tentacles for arms and can constrict up to eight enemies at once.


Message History

You hear some strange, mumbled words.
A magic dart appears from out of thin air!
The magic dart hits you.
You hit something. The orc closely misses you. Something barely misses you.
You closely miss something. The orc hits you with a +0 hand axe.
You hear some strange, mumbled words.
A magic dart appears from out of thin air!
The magic dart hits you.
You miss something. The orc closely misses you. Something hits you.
Casting: Searing Ray (safe; 2% risk of failure)
Confirm with . or Enter, or press ? or * to list all spells.
Aiming: Magic Dart (safe; 1% risk of failure)
Press: ? - help, Shift-Dir - straight line, f - orc
Aim: an orc, wielding a +0 hand axe, wearing a +0 plate armour and quivering boomerangs (lightly wounded, 100% to hit)
The magic dart hits the orc but does no damage.
The orc is lightly wounded.
The orc barely misses you. Something hits you.
* * * LOW HITPOINT WARNING * * *
Casting: Magic Dart (safe; 1% risk of failure)
Confirm with . or Enter, or press ? or * to list all spells.
Aiming: Magic Dart (safe; 1% risk of failure)
Press: ? - help, Shift-Dir - straight line, f/p - orc
Aim: an orc, wielding a +0 hand axe, wearing a +0 plate armour and quivering boomerangs (lightly wounded, 100% to hit)
The magic dart hits the orc but does no damage.
The orc is lightly wounded.
The orc closely misses you. Something hits you.
* * * LOW HITPOINT WARNING * * *
It was a potion of curing.
You feel better. The orc hits you with a +0 hand axe.
* * * LOW HITPOINT WARNING * * *
Something hits you.
* * * LOW HITPOINT WARNING * * *
You feel better. The orc hits you with a +0 hand axe.
* * * LOW HITPOINT WARNING * * *
You hear some strange, mumbled words.
A puff of flame appears from out of thin air!
The puff of flame hits you.
* * * LOW HITPOINT WARNING * * *
You closely miss something. The orc hits you with a +0 hand axe.
You die...

.###### #.## .#
#..# .# ##.# .#
#.# .######## #.#
........# #.#
..#####.# #.# #.#
#.########o#
#.#####.......##@#
#.##..........##{#
#.##.###########.#
#.##.# #.# #)##.#
#.# #.##.######
#†# #.##......#
#.# #.#######.#
#.# #.# #.# #.#


You could see an orc.

Vanquished Creatures
  4 gnolls (D:2)
  An adder (D:2)
  A worm (D:2)
  2 dart slugs (D:2)
  An orc (D:3)
  7 ball pythons
  5 endoplasms
  A giant cockroach (D:2)
  3 goblins
  3 hobgoblins (D:2)
  12 jackals
  8 bats
  6 kobolds
  3 rats (D:2)
  A spectral kobold (D:2)
58 creatures vanquished.

Notes
Turn   | Place    | Note
-------+----------+-------------------------------------------
     0 | D:1      | garrulousMonolith the Octopode Conjurer began the quest for
                  | the Orb.
     0 | D:1      | Reached XP level 1. HP: 11/11 MP: 3/3
   241 | D:1      | Reached XP level 2. HP: 17/17 MP: 3/5
   342 | D:1      | Learned a level 2 spell: Searing Ray
  1098 | D:1      | Reached XP level 3. HP: 22/22 MP: 2/6
  1102 | D:1      | Learned a level 3 spell: Dazzling Flash
  2106 | D:2      | Reached skill level 1 in Fighting
  2283 | D:2      | Found a faded altar of an unknown god.
  2475 | D:2      | Reached XP level 4. HP: 28/28 MP: 4/7
  3421 | D:3      | Reached XP level 5. HP: 33/33 MP: 6/8
  3526 | D:2      | Slain by an orc

Illustrated notes

Levels and vault maps discovered:
D:1:      elethiomel_arrival_infinity_welcomes_careful_drivers, layout_basic
D:2:      layout_loops_ring, dreamdust_ecumenical_altar_drowned_temple,
          kennysheep_boxes
D:3:      layout_basic

Skill      XL: |  1  2  3 |
---------------+----------+-----
Stealth        | 3 |  3.8
Fighting       | 1 |  1.4
Dodging        | |  2.7
Spellcasting   | |  2.5
Conjurations   | |  4.8

Action                   |  1- 3 |  4- 6 || total
-------------------------+-------+-------++-------
Melee: Dagger            |    16 |    16 ||    32
       Constrict         |     4 |       ||     4
       Tentacles         |     2 |     2 ||     4
 Cast: Magic Dart        |    74 |    38 ||   112
       Searing Ray       |     3 |     5 ||     8
  Use: Potion            |       |     4 ||     4
Armor: Skin              |     1 |     3 ||     4
Dodge: Dodged            |    18 |    19 ||    37
